AoeStats
← 一剑扫秋风nelson

Arena

505587594Analyzed
4v4 RM · 23d ago on Sep 10, 2026· 65m 9s· 8 players
Game mode
Random Map
Map size
Large (8 player)
Population
200
Speed
Normal
Resources
Standard
Victory
Conquest
Starting age
Dark Age
Ending age
Imperial Age
RankedLock teamsTeams togetherTeam positionsShared explorationLock speedFull tech treeHidden civsTurbo modeCheats
Victory
Defeat
🇲🇽 Cumans · Mexico
2054
+15
🇺🇸 Slavs · United States
1986
+17
🇺🇸 Turks · United States
1953
+19
1909
+20
🇫🇷 Shu · France
2071
-20
🇩🇪 Khmer · Germany
2020
-18
🇺🇸 Georgians · United States
2004
-17
🇨🇦 Dravidians · Canada
1963
-16
develement
10:34 Feudal Age
11:30 Double-Bit Axe
14:04 Castle Age
13:36 Horse Collar
14:56 Bow Saw
14:47 Heavy Plow
19:48 Wheelbarrow
19:41 Town Watch
21:51 Hand Cart
23:57 Gold Mining
24:27 Stone Mining
25:14 Gold Shaft Mining
29:03 Imperial Age
26:59 Forging
27:29 Loom
27:46 Scale Mail Armor
28:21 Iron Casting
28:13 Masonry
28:44 Chain Mail Armor
27:51 Man-at-Arms
28:01 Pikeman
29:16 Fortified Wall
29:18 Onager
30:28 Siege Engineers
30:48 Fletching
33:41 Hoardings
34:07 Bodkin Arrow
35:57 Two-Man Saw
38:52 Detinets
39:10 Capped Ram
42:06 Conscription
42:10 Ballistics
42:40 Sappers
43:23 Caravan
44:50 Town Watch
46:38 Squires
50:20 Plate Mail Armor
50:50 Blast Furnace
50:54 Halberdier
52:20 Crop Rotation
52:46 Heavy Scorpion
52:50 Siege Onager
55:19 Druzhina
59:41 Coinage
61:31 Banking
61:22 Siege Ram
62:23 Spies/Treason
Phish 'n' Tofu
10:11 Feudal Age
8:45 Loom
10:31 Feudal Age
15:37 Castle Age
13:58 Double-Bit Axe
17:28 Bow Saw
21:24 Horse Collar
26:53 Wheelbarrow
27:21 Heavy Plow
31:10 Imperial Age
34:51 Hand Cart
35:26 Artillery
36:10 Fletching
36:20 Gold Mining
37:16 Sipahi
37:16 Conscription
36:18 Heavy Cavalry Archer
37:04 Thumb Ring
37:18 Town Watch
37:37 Bodkin Arrow
38:26 Parthian Tactics
38:58 Ballistics
38:49 Bloodlines
38:40 Husbandry
39:47 Bracer
39:48 Padded Archer Armor
40:09 Bombard Tower
41:13 Scale Barding Armor
41:25 Leather Archer Armor
41:50 Bombard Tower
42:31 Coinage
42:57 Chain Barding Armor
44:35 Plate Barding Armor
44:51 Masonry
45:29 Ring Archer Armor
45:14 Forging
46:47 Iron Casting
46:50 Banking
46:23 Caravan
48:53 Blast Furnace
57:56 Architecture
57:06 Treadmill Crane
57:26 Murder Holes
61:13 Spies/Treason
63:14 Capped Ram
一剑扫秋风nelson
12:43 Feudal Age
13:16 Feudal Age
14:22 Double-Bit Axe
16:52 Castle Age
15:15 Horse Collar
17:30 Scale Barding Armor
17:57 Heavy Plow
21:33 Bloodlines
25:05 Stone Mining
25:51 Wheelbarrow
31:03 Imperial Age
28:42 Loom
29:13 Hand Cart
29:39 Gold Mining
30:01 Husbandry
30:12 Forging
32:13 Chain Barding Armor
32:04 Hauberk
31:30 Cavalier
33:38 Plate Barding Armor
34:23 Iron Casting
33:14 Light Cavalry
34:20 Fletching
35:20 Conscription
37:05 Blast Furnace
36:38 Bodkin Arrow
38:17 Chemistry
39:53 Bracer
40:17 Ballistics
39:42 Arrowslits
40:08 Masonry
41:16 Coinage
41:21 Arrowslits
41:33 Murder Holes
42:44 Banking
42:41 Guilds
44:54 Caravan
44:33 Capped Ram
46:24 Pikeman
47:04 Squires
47:09 Scale Mail Armor
47:16 Halberdier
48:12 Chain Mail Armor
48:20 Siege Ram
53:56 Crop Rotation
62:31 Bow Saw
63:03 Gold Shaft Mining
63:04 Stone Shaft Mining
62:29 Spies/Treason
65:17 Town Watch
EnvyZ
8:35 Feudal Age
9:06 Double-Bit Axe
11:08 Horse Collar
14:16 Loom
17:59 Fletching
22:36 Castle Age
23:41 Wheelbarrow
23:58 Bow Saw
23:53 Heavy Plow
25:26 Gold Mining
27:27 Scale Barding Armor
28:18 Stone Mining
29:33 Hand Cart
33:24 Imperial Age
30:31 Light Cavalry
31:24 Bloodlines
31:09 Town Watch
32:28 Chain Barding Armor
33:25 Gold Shaft Mining
33:28 Forging
34:48 Plate Barding Armor
33:58 Cavalier
34:41 Capped Ram
34:47 Capped Ram
36:07 Iron Casting
36:03 Conscription
35:24 Paladin
37:54 Blast Furnace
37:54 Onager
40:22 Bodkin Arrow
41:22 Siege Onager
43:32 Cuman Mercenaries
47:15 Crop Rotation
48:36 Chemistry
48:27 Masonry
49:17 Hussar
51:32 Coinage
52:02 Caravan
56:50 Banking
58:04 Chemistry
57:25 Ballistics
61:39 Siege Ram
RoR | Smokealot
8:17 Loom
10:36 Feudal Age
13:56 Castle Age
12:31 Double-Bit Axe
13:01 Horse Collar
13:19 Gold Mining
15:20 Bow Saw
20:05 Pikeman
33:41 Fortified Wall
34:50 Wheelbarrow
34:58 Heavy Plow
39:10 Imperial Age
38:00 Forging
37:55 Scale Barding Armor
38:32 Bloodlines
38:24 Husbandry
39:07 Hand Cart
41:09 Scale Barding Armor
42:29 Elite Battle Elephant
43:32 Chain Barding Armor
44:33 Crop Rotation
44:51 Iron Casting
45:37 Plate Barding Armor
47:17 Blast Furnace
47:54 Gold Shaft Mining
47:10 Stone Mining
46:59 Light Cavalry
48:47 Hussar
49:19 Hussar
RoR | FloDuFive
8:12 Feudal Age
7:13 Loom
8:42 Double-Bit Axe
15:02 Horse Collar
16:56 Fletching
21:38 Wheelbarrow
24:19 Castle Age
36:25 Imperial Age
39:59 Imperial Age
53:48 Wheelbarrow
55:56 Caravan
OS+ | The Wilderness
11:13 Feudal Age
14:54 Castle Age
12:35 Horse Collar
13:00 Double-Bit Axe
13:42 Stone Mining
16:22 Bow Saw
16:09 Fletching
17:17 Guard Tower
19:26 Wheelbarrow
20:46 Town Watch
21:08 Heavy Plow
25:19 Town Watch
25:21 Loom
26:24 Fervor
32:38 Imperial Age
30:33 Gold Mining
31:29 Hand Cart
31:10 Man-at-Arms
31:35 Gambesons
31:51 Squires
31:52 Scale Mail Armor
32:31 Svan Towers
32:24 Bodkin Arrow
32:39 Forging
33:57 Keep
33:43 Ballistics
33:17 Long Swordsman
34:00 Two-Handed Swordsman
34:56 Chain Mail Armor
34:52 Forging
34:44 Arson
34:55 Treadmill Crane
36:15 Chemistry
35:01 Arrowslits
35:01 Champion
36:53 Plate Mail Armor
36:24 Bracer
36:35 Masonry
36:36 Fortified Wall
36:41 Capped Ram
37:04 Pikeman
37:45 Siege Ram
38:58 Coinage
38:29 Caravan
39:04 Halberdier
40:32 Conscription
39:34 Heavy Scorpion
41:39 Siege Engineers
41:30 Murder Holes
42:06 Architecture
48:54 Iron Casting
48:25 Scale Barding Armor
48:51 Banking
48:59 Hoardings
47:54 Sappers
48:30 Aznauri Cavalry
48:41 Guilds
48:58 Light Cavalry
49:48 Bloodlines
49:39 Husbandry
50:05 Hussar
51:11 Chain Barding Armor
54:58 Plate Barding Armor
55:23 Blast Furnace
OS+ | slam
10:58 Feudal Age
14:28 Castle Age
12:56 Double-Bit Axe
13:27 Horse Collar
15:23 Bow Saw
15:45 Heavy Plow
21:42 Wheelbarrow
22:52 Gold Mining
23:21 Hand Cart
28:15 Imperial Age
26:12 Loom
26:12 Town Watch
26:19 Fletching
27:10 Thumb Ring
27:22 Husbandry
28:35 Bodkin Arrow
29:02 Ballistics
29:17 Bracer
30:19 Chemistry
29:37 Elite Elephant Archer
31:01 Padded Archer Armor
32:40 Leather Archer Armor
34:08 Ring Archer Armor
34:12 Coinage
33:52 Guilds
34:50 Conscription
34:38 Medical Corps
35:26 Conscription
35:43 Banking
35:01 Siege Elephant
37:05 Stone Mining
39:39 Bombard Tower
43:27 Two-Man Saw
42:38 Masonry
46:13 Caravan
50:57 Hoardings
53:09 Scale Mail Armor
53:19 Forging
53:10 Squires
Connection lost

Rejoining the realm…

Still unreachable

The connection could not be restored.

Session expired

The server has moved on; the page needs a fresh start.